[Event "FIDE WYCC Girls U14 2023"]
[Site "Montesilvano"]
[Date "2023.11.13"]
[Round "1.1"]
[White "Suyamin, Bonjoure Fille"]
[Black "Mou, Iris"]
[Result "0-1"]
[ECO "A22"]
[WhiteElo "1570"]
[BlackElo "2086"]
[Annotator "NA"]
[PlyCount "76"]
[EventDate "2023.11.13"]
[EventType "swiss"]
[EventCountry "ITA"]
[SourceTitle "playchess.com"]
[Source "ChessBase"]
[SourceQuality "1"]
[TimeControl "40/5400+30:1800+30"]

1. c4 e5 2. Nc3 Nf6 3. g3 d5 4. cxd5 Nxd5 5. Bg2 Nb6 6. Nf3 Nc6 7. O-O Be7 8. b3 O-O 9. Bb2 Re8 10. d3 Bf8 11. Rc1 a5 12. Ne4 Nd4 13. Nc5 c6 14. e3 Nxf3+ 15. Qxf3 a4 16. Rfd1 axb3 17. axb3 Ra2 18. Rd2 Nd5 19. Qd1 Qa5 20. Bxd5 cxd5 21. Rdc2 Qb5 22. Qd2 Rxb2 23. Rxb2 Bxc5 24. Rbc2 Bb4 25. Qd1 Bf5 26. Rc7 Ba3 27. Ra1 Bd6 28. Rc3 d4 29. Rcc1 Bxd3 30. Ra2 Bb4 31. Rc7 Ba5 32. Rc1 Bc3 33. Qg4 Qxb3 34. Ra7 Ba6 35. Qd7 Rf8 36. Qc7 Qb2 37. Rd1 Qe2 38. Rb1 dxe3 0-1

[Event "FIDE WYCC Girls U14 2023"]
[Site "Montesilvano"]
[Date "2023.11.13"]
[Round "1.2"]
[White "Piddubna, Bozhena"]
[Black "Chasouraki, Chrysi"]
[Result "1/2-1/2"]
[ECO "E16"]
[WhiteElo "2081"]
[BlackElo "1559"]
[Annotator "NA"]
[PlyCount "91"]
[EventDate "2023.11.13"]
[EventType "swiss"]
[EventCountry "ITA"]
[SourceTitle "playchess.com"]
[Source "ChessBase"]
[SourceQuality "1"]
[TimeControl "40/5400+30:1800+30"]

1. d4 Nf6 2. c4 e6 3. Nf3 Bb4+ 4. Bd2 Qe7 5. g3 Nc6 6. Nc3 Bxc3 7. Bxc3 Ne4 8. Rc1 Nxc3 9. Rxc3 d6 10. d5 Nb8 11. Bg2 e5 12. O-O O-O 13. b4 Nd7 14. Qc2 Nf6 15. Rd1 a5 16. a3 Bd7 17. Qb2 axb4 18. axb4 Ra4 19. Ra3 Rfa8 20. Rda1 b5 21. cxb5 Rxa3 22. Rxa3 Rxa3 23. Qxa3 Bxb5 24. e3 g6 25. Nd2 e4 26. Qa8+ Kg7 27. Qa1 Bd3 28. Bf1 Bxf1 29. Kxf1 Qe5 30. Qxe5 dxe5 31. b5 Kf8 32. Nc4 Nxd5 33. Nxe5 f6 34. Nc4 Nb6 35. Nd2 f5 36. g4 Ke7 37. gxf5 gxf5 38. f3 exf3 39. Nxf3 Nd5 40. Kf2 Nc3 41. Nd4 Ne4+ 42. Kf3 Nd6 43. Kg3 Kf7 44. Kf3 Ke7 45. Kg3 Kf7 46. Kf3 1/2-1/2

[Event "FIDE WYCC Girls U14 2023"]
[Site "Montesilvano"]
[Date "2023.11.13"]
[Round "1.3"]
[White "Balazs, Szabina Zoe"]
[Black "Mgeladze, Kesaria"]
[Result "1-0"]
[ECO "B51"]
[WhiteElo "1552"]
[BlackElo "2065"]
[Annotator "NA"]
[PlyCount "64"]
[EventDate "2023.11.13"]
[EventType "swiss"]
[EventCountry "ITA"]
[SourceTitle "playchess.com"]
[Source "ChessBase"]
[SourceQuality "1"]
[TimeControl "40/5400+30:1800+30"]

1. e4 c5 2. Nf3 d6 3. Bb5+ Nc6 4. c3 Nf6 5. Qe2 Bg4 6. d4 Bxf3 7. Qxf3 Qb6 8. Bxc6+ Qxc6 9. Nd2 g6 10. O-O Bg7 11. Re1 O-O 12. Nb3 Nd7 13. Qg3 a5 14. Be3 a4 15. Nd2 Qb6 16. dxc5 Nxc5 17. Rab1 Qc6 18. Qh4 Nd3 19. Re2 Rfe8 20. Bh6 a3 21. bxa3 Rxa3 22. Re3 Rxc3 23. Nf1 Bd4 24. Rf3 Ne5 25. Rxc3 Bxc3 26. Ne3 Bd4 27. Nd5 f6 28. Rc1 Bc5 29. Rc3 Qa4 30. Rc1 Nd3 31. Rf1 Nxf2 32. Be3 Qxe4 1-0

[Event "FIDE WYCC Girls U14 2023"]
[Site "Montesilvano"]
[Date "2023.11.13"]
[Round "1.4"]
[White "Lyutsinger, Iren"]
[Black "Manco, Amaliya"]
[Result "1-0"]
[ECO "C27"]
[WhiteElo "2020"]
[BlackElo "1538"]
[Annotator "NA"]
[PlyCount "69"]
[EventDate "2023.11.13"]
[EventType "swiss"]
[EventCountry "ITA"]
[SourceTitle "playchess.com"]
[Source "ChessBase"]
[SourceQuality "1"]
[TimeControl "40/5400+30:1800+30"]

1. e4 e5 2. Nc3 Nf6 3. Bc4 Nxe4 4. Qh5 Nd6 5. Qxe5+ Qe7 6. Qxe7+ Bxe7 7. Bb3 c6 8. Nf3 O-O 9. d4 Na6 10. Bf4 Nc7 11. O-O-O b5 12. Rhe1 Ne6 13. Be5 f6 14. Bg3 Nf5 15. d5 Nc5 16. d6+ Nxb3+ 17. axb3 Bd8 18. Bf4 g5 19. Be3 Nxe3 20. fxe3 Ba5 21. e4 h6 22. Nd4 Bb7 23. Nf5 Kh7 24. g4 Kg6 25. Re3 Rae8 26. Ne7+ Kh7 27. h4 Bb4 28. Nf5 Re5 29. Rh1 Re6 30. hxg5 fxg5 31. e5 Rfe8 32. Ne4 Rg6 33. Nf6+ Rxf6 34. exf6 Rxe3 35. f7 1-0

[Event "FIDE WYCC Girls U14 2023"]
[Site "Montesilvano"]
[Date "2023.11.13"]
[Round "1.5"]
[White "Zeng, Vera"]
[Black "Smietanska, Wiktoria"]
[Result "0-1"]
[ECO "E21"]
[WhiteElo "1528"]
[BlackElo "2009"]
[Annotator "NA"]
[PlyCount "64"]
[EventDate "2023.11.13"]
[EventType "swiss"]
[EventCountry "ITA"]
[SourceTitle "playchess.com"]
[Source "ChessBase"]
[SourceQuality "1"]
[TimeControl "40/5400+30:1800+30"]

1. d4 Nf6 2. c4 e6 3. Nc3 Bb4 4. Nf3 O-O 5. Qc2 d5 6. Bg5 h6 7. Bd2 b6 8. cxd5 exd5 9. e3 Bb7 10. Bd3 Nbd7 11. O-O a6 12. Rfc1 Bd6 13. a3 c5 14. b3 Rc8 15. dxc5 bxc5 16. Be2 Bb8 17. b4 d4 18. Nb1 cxb4 19. Qa4 Rxc1+ 20. Bxc1 Bxf3 21. Bxf3 Qc7 22. Bb2 Qxh2+ 23. Kf1 Qh1+ 24. Ke2 d3+ 25. Kd2 Qg1 26. Qxb4 Qxf2+ 27. Kxd3 a5 28. Qb5 Ba7 29. Bc3 Nc5+ 30. Kd4 Rd8+ 31. Ke5 Qxe3+ 32. Kf5 Qg5# 0-1

[Event "FIDE WYCC Girls U14 2023"]
[Site "Montesilvano"]
[Date "2023.11.13"]
[Round "1.7"]
[White "Rice, Leah"]
[Black "Dicen, Elis Denele"]
[Result "0-1"]
[ECO "B13"]
[WhiteElo "1499"]
[BlackElo "1976"]
[Annotator "NA"]
[PlyCount "62"]
[EventDate "2023.11.13"]
[EventType "swiss"]
[EventCountry "ITA"]
[SourceTitle "playchess.com"]
[Source "ChessBase"]
[SourceQuality "1"]
[TimeControl "40/5400+30:1800+30"]

1. e4 c6 2. d4 d5 3. exd5 cxd5 4. Bd3 Nc6 5. c3 Qc7 6. Qb3 Nxd4 7. Qxd5 Nc6 8. Na3 Nf6 9. Qc4 a6 10. Nf3 e5 11. Be4 Be6 12. Bxc6+ bxc6 13. Qe2 Bxa3 14. bxa3 Nd7 15. Ng5 Bf5 16. g4 Be6 17. Nxe6 fxe6 18. Qc4 Qd6 19. Be3 Qd5 20. Qf1 Nf6 21. f3 O-O 22. Qe2 Nxg4 23. Rf1 Nxe3 24. Qxe3 Rad8 25. Rf2 Qc4 26. Rd1 Rxd1+ 27. Kxd1 Rb8 28. Re2 Rb1+ 29. Kc2 Qxa2+ 30. Kd3 Qd5+ 31. Kc2 Qd1# 0-1

[Event "FIDE WYCC Girls U14 2023"]
[Site "Montesilvano"]
[Date "2023.11.13"]
[Round "1.8"]
[White "Kaliakhmet, Elnaz"]
[Black "Pereira Garza, Cecilia"]
[Result "1-0"]
[ECO "D45"]
[WhiteElo "1933"]
[BlackElo "1479"]
[Annotator "NA"]
[PlyCount "87"]
[EventDate "2023.11.13"]
[EventType "swiss"]
[EventCountry "ITA"]
[SourceTitle "playchess.com"]
[Source "ChessBase"]
[SourceQuality "1"]
[TimeControl "40/5400+30:1800+30"]

1. d4 d5 2. c4 c6 3. Nf3 Nf6 4. Nc3 Nbd7 5. e3 e6 6. Qc2 Bd6 7. Bd3 O-O 8. O-O Re8 9. e4 dxe4 10. Nxe4 Nxe4 11. Bxe4 Nf6 12. Bd3 c5 13. dxc5 Bxc5 14. Bg5 h6 15. Bh4 e5 16. Rfe1 Qd6 17. Rad1 Bd4 18. Bxf6 Qxf6 19. Nxd4 Bg4 20. Be2 exd4 21. Bxg4 Rxe1+ 22. Rxe1 Rd8 23. Qd3 Qb6 24. Re2 Qa5 25. a3 Qg5 26. h3 a6 27. Bf3 b5 28. cxb5 axb5 29. g3 Qc5 30. Rc2 Qe5 31. b4 Qe6 32. Kg2 g6 33. Qxb5 Qb3 34. Qb6 Rd7 35. Qb8+ Kh7 36. Rc8 Qe6 37. Rh8+ Kg7 38. Qf8+ Kf6 39. Rxh6 d3 40. Rh4 Qa6 41. Rf4+ Ke5 42. Re4+ Kf5 43. Qc5+ Kf6 44. Qe5# 1-0

[Event "FIDE WYCC Girls U14 2023"]
[Site "Montesilvano"]
[Date "2023.11.13"]
[Round "1.9"]
[White "Mohd Afif, Ainul Mardhiah"]
[Black "Kirtadze, Anastasia"]
[Result "0-1"]
[ECO "A30"]
[WhiteElo "1478"]
[BlackElo "1921"]
[Annotator "NA"]
[PlyCount "108"]
[EventDate "2023.11.13"]
[EventType "swiss"]
[EventCountry "ITA"]
[SourceTitle "playchess.com"]
[Source "ChessBase"]
[SourceQuality "1"]
[TimeControl "40/5400+30:1800+30"]

1. c4 c5 2. g3 Nc6 3. Bg2 g6 4. Nf3 Bg7 5. O-O e6 6. e3 Nge7 7. d4 cxd4 8. exd4 d5 9. cxd5 exd5 10. Re1 h6 11. Nc3 O-O 12. h3 Nf5 13. Be3 Be6 14. Qd2 Kh7 15. h4 Qd7 16. Rad1 Rad8 17. Ne2 Nxe3 18. Qxe3 Bg4 19. Qc3 Rfe8 20. Kh2 Re7 21. Neg1 Rde8 22. Rxe7 Rxe7 23. Bh3 Re4 24. Rd3 Qf5 25. Qd2 a5 26. a3 a4 27. Bxg4 Qxg4 28. Ne2 b5 29. Nc3 Nxd4 30. Nxd4 Rxd4 31. Nxd5 Qe4 32. Rxd4 Qxd4 33. Qxd4 Bxd4 34. Nc3 Bxc3 35. bxc3 Kg7 36. Kg2 Kf6 37. Kf3 Ke5 38. Ke3 Kd5 39. Kd3 Kc5 40. f3 Kd5 41. g4 g5 42. hxg5 hxg5 43. Kd2 Kc4 44. Kc2 f6 45. Kd2 Kb3 46. Kd3 Kxa3 47. c4 bxc4+ 48. Kc3 Ka2 49. Kc2 a3 50. Kc1 Kb3 51. Kb1 c3 52. f4 a2+ 53. Ka1 c2 54. f5 c1=Q# 0-1

[Event "FIDE WYCC Girls U14 2023"]
[Site "Montesilvano"]
[Date "2023.11.13"]
[Round "1.10"]
[White "Jiang, Tianyu"]
[Black "Aswinika Mani R"]
[Result "1-0"]
[ECO "B51"]
[WhiteElo "1917"]
[BlackElo "1472"]
[Annotator "NA"]
[PlyCount "85"]
[EventDate "2023.11.13"]
[EventType "swiss"]
[EventCountry "ITA"]
[SourceTitle "playchess.com"]
[Source "ChessBase"]
[SourceQuality "1"]
[TimeControl "40/5400+30:1800+30"]

1. e4 c5 2. Nf3 d6 3. Bb5+ Nd7 4. d4 cxd4 5. Qxd4 a6 6. Be2 Ngf6 7. O-O g6 8. Nc3 Bg7 9. Rd1 O-O 10. e5 Nh5 11. Qh4 dxe5 12. Ng5 h6 13. Nge4 e6 14. Qxd8 Rxd8 15. Be3 Nf4 16. Bf3 Nd5 17. Nxd5 exd5 18. Rxd5 f5 19. Nc5 Kf7 20. Rad1 Ke7 21. Rd6 e4 22. Be2 b6 23. Ne6 Rg8 24. Nxg7 Rxg7 25. Bxh6 Rg8 26. Bc4 Rh8 27. Re6+ Kd8 28. Bg5+ Kc7 29. Bf4+ Kd8 30. Rxg6 Bb7 31. Be6 Bc6 32. Bxf5 Bb5 33. c4 Bxc4 34. Rxd7+ Ke8 35. Rgg7 Rd8 36. Bg6+ Bf7 37. Rxd8+ Kxd8 38. Rxf7 Kc8 39. Ra7 Rh4 40. Bf5+ Kd8 41. Bg5+ Ke8 42. Bg6+ Kf8 43. Bf6 1-0

[Event "FIDE WYCC Girls U14 2023"]
[Site "Montesilvano"]
[Date "2023.11.13"]
[Round "1.11"]
[White "Macek, Inti"]
[Black "Goriachkina, Oksana"]
[Result "0-1"]
[ECO "D45"]
[WhiteElo "1472"]
[BlackElo "1915"]
[Annotator "NA"]
[PlyCount "120"]
[EventDate "2023.11.13"]
[EventType "swiss"]
[EventCountry "ITA"]
[SourceTitle "playchess.com"]
[Source "ChessBase"]
[SourceQuality "1"]
[TimeControl "40/5400+30:1800+30"]

1. d4 d5 2. Nf3 Nf6 3. c4 e6 4. Nc3 c6 5. e3 a6 6. a3 Nbd7 7. cxd5 exd5 8. Bd3 Bd6 9. O-O O-O 10. b3 Re8 11. Qc2 Qe7 12. Nd2 c5 13. Bb2 cxd4 14. exd4 Nf8 15. Na4 Be6 16. Bf5 Nh5 17. Bxe6 Qxe6 18. Rfe1 Qg4 19. h3 Qf4 20. Nf3 Rac8 21. Qd3 Qf6 22. Rxe8 Rxe8 23. Bc1 Ne6 24. g3 Qe7 25. Nc3 Nf6 26. b4 Qc7 27. Be3 Bxg3 28. Rc1 Qb8 29. Ne2 Bd6 30. Kg2 Ne4 31. Nd2 Nf4+ 32. Nxf4 Bxf4 33. Nxe4 dxe4 34. Qd2 Bxe3 35. fxe3 h6 36. Qf2 Re6 37. Rf1 Rg6+ 38. Kh1 Qg3 39. Qxg3 Rxg3 40. Re1 Rxh3+ 41. Kg2 Rf3 42. a4 h5 43. Rc1 h4 44. Rc7 Rxe3 45. Rxb7 Rd3 46. Rd7 h3+ 47. Kh2 e3 48. b5 axb5 49. axb5 e2 50. Re7 Rxd4 51. Rxe2 Rb4 52. Re5 Rb3 53. Re8+ Kh7 54. Rb8 g6 55. b6 Kh6 56. b7 Kg5 57. Ra8 Rxb7 58. Ra5+ f5 59. Kxh3 Rb3+ 60. Kg2 Kg4 0-1

[Event "FIDE WYCC Girls U14 2023"]
[Site "Montesilvano"]
[Date "2023.11.13"]
[Round "1.12"]
[White "Tsetskhladze, Mariam"]
[Black "Seyhan, Pelin"]
[Result "1-0"]
[ECO "B31"]
[WhiteElo "1911"]
[BlackElo "1461"]
[Annotator "NA"]
[PlyCount "151"]
[EventDate "2023.11.13"]
[EventType "swiss"]
[EventCountry "ITA"]
[SourceTitle "playchess.com"]
[Source "ChessBase"]
[SourceQuality "1"]
[TimeControl "40/5400+30:1800+30"]

1. e4 c5 2. Nf3 Nc6 3. Bb5 g6 4. O-O Bg7 5. c3 Nf6 6. Re1 O-O 7. d4 cxd4 8. cxd4 Qa5 9. Nc3 a6 10. Bf1 d5 11. e5 Ne4 12. Nxe4 dxe4 13. Rxe4 Bf5 14. Re1 Rfd8 15. Bd2 Qd5 16. Bc3 b5 17. a3 Bg4 18. Be2 Rd7 19. Qd2 Rad8 20. Rad1 Qb3 21. Qf4 Bf5 22. Qe3 Bg4 23. Qf4 Bf5 24. Rc1 h6 25. Red1 a5 26. Be1 Qxb2 27. Rxc6 Qxe2 28. Rcc1 a4 29. Ba5 Ra8 30. Re1 Qa2 31. Bb4 Be6 32. Nd2 Rad8 33. Bc5 g5 34. Qe3 Bd5 35. Ne4 Bxe4 36. Qxe4 e6 37. Qc6 Rd5 38. Qxb5 Qd2 39. Qxa4 g4 40. Qb4 Qf4 41. g3 Qf3 42. Qb1 Bf8 43. Re3 Qf5 44. Qxf5 exf5 45. e6 Bxc5 46. dxc5 Rd1+ 47. Rxd1 Rxd1+ 48. Kg2 Kf8 49. exf7 Kxf7 50. Rc3 Ke7 51. c6 Kd8 52. c7+ Kc8 53. h3 h5 54. hxg4 fxg4 55. Rc5 Ra1 56. Rxh5 Rxa3 57. Rg5 Ra4 58. Rg7 Rc4 59. Kf1 Re4 60. Rf7 Re5 61. Kg2 Rc5 62. Rf4 Kxc7 63. Rxg4 Kd6 64. Re4 Kd5 65. Re1 Kd4 66. g4 Rc3 67. f3 Kd5 68. Kg3 Rb3 69. g5 Rb2 70. f4 Rb3+ 71. Kg4 Rb2 72. g6 Rg2+ 73. Kf5 Rh2 74. g7 Rg2 75. Kf6 Rg4 76. f5 1-0

[Event "FIDE WYCC Girls U14 2023"]
[Site "Montesilvano"]
[Date "2023.11.13"]
[Round "1.13"]
[White "Orazalina, Nursulu"]
[Black "Toth, Lili"]
[Result "1-0"]
[ECO "C77"]
[WhiteElo "1428"]
[BlackElo "2199"]
[Annotator "ChessBase"]
[PlyCount "72"]
[EventDate "2023.11.13"]
[EventType "swiss"]
[EventCountry "ITA"]
[SourceTitle "playchess.com"]
[Source "ChessBase"]
[SourceQuality "1"]
[TimeControl "40/5400+30:1800+30"]

1. e4 e5 2. Nf3 Nc6 3. Bb5 a6 4. Ba4 Nf6 5. d3 d6 6. O-O g6 7. c3 Bg7 8. h3 O-O 9. Re1 b5 10. Bc2 Bb7 11. a4 Re8 12. Nbd2 Nb8 13. d4 Nbd7 14. Bd3 c6 15. Nf1 Qc7 16. Ng3 Nf8 17. Be3 Ne6 18. Qd2 exd4 19. cxd4 d5 20. e5 Nd7 21. Rec1 Qd8 22. a5 c5 23. dxc5 Rc8 24. Nd4 Nexc5 25. Bg5 f6 26. exf6 Bxf6 27. Bxf6 Qxf6 28. Be2 Ne5 29. b4 Ne6 30. Nxe6 Qxe6 31. Rxc8 Bxc8 32. Rd1 Bb7 33. Qd4 Nc4 34. Bf3 Rd8 35. Ne4 Qe5 36. Nc5 Qxd4 1-0

[Event "FIDE WYCC Girls U14 2023"]
[Site "Montesilvano"]
[Date "2023.11.13"]
[Round "1.14"]
[White "Iordache, Alexia-Andreea"]
[Black "Comarnitcaia, Ecaterina"]
[Result "1-0"]
[ECO "E91"]
[WhiteElo "1892"]
[BlackElo "1424"]
[Annotator "NA"]
[PlyCount "73"]
[EventDate "2023.11.13"]
[EventType "swiss"]
[EventCountry "ITA"]
[SourceTitle "playchess.com"]
[Source "ChessBase"]
[SourceQuality "1"]
[TimeControl "40/5400+30:1800+30"]

1. d4 Nf6 2. c4 g6 3. Nc3 Bg7 4. e4 d6 5. Nf3 O-O 6. Be2 Nbd7 7. O-O e5 8. Be3 Ng4 9. Bg5 f6 10. Bh4 g5 11. Bg3 Nh6 12. c5 exd4 13. Nxd4 Nxc5 14. b4 Na6 15. Bxa6 bxa6 16. Rc1 Bd7 17. Qb3+ Kh8 18. Ne6 Bxe6 19. Qxe6 Rc8 20. Qc4 a5 21. b5 f5 22. f4 Ng4 23. Nd5 fxe4 24. Qxe4 gxf4 25. Bxf4 Nf6 26. Nxf6 Qxf6 27. Be3 Qb2 28. a4 Rfe8 29. Qg4 Ra8 30. Bf2 Re7 31. Rc4 d5 32. Rf4 Qc2 33. Bh4 Re4 34. Rf8+ Rxf8 35. Rxf8+ Bxf8 36. Bf6+ Bg7 37. Qxg7# 1-0

[Event "FIDE WYCC Girls U14 2023"]
[Site "Montesilvano"]
[Date "2023.11.13"]
[Round "1.15"]
[White "Sodgerelt Naranbold"]
[Black "Stoll, Lucia"]
[Result "1-0"]
[ECO "C77"]
[WhiteElo "1419"]
[BlackElo "1887"]
[Annotator "NA"]
[PlyCount "95"]
[EventDate "2023.11.13"]
[EventType "swiss"]
[EventCountry "ITA"]
[SourceTitle "playchess.com"]
[Source "ChessBase"]
[SourceQuality "1"]
[TimeControl "40/5400+30:1800+30"]

1. e4 e5 2. Nf3 Nc6 3. Bb5 a6 4. Ba4 Nf6 5. d3 b5 6. Bb3 Be7 7. Nc3 d6 8. a3 O-O 9. Nd5 Re8 10. Nxf6+ Bxf6 11. Bd5 Bd7 12. h4 h6 13. Ng5 Re6 14. Nxe6 fxe6 15. Bxc6 Bxc6 16. Qg4 Kh7 17. Qxe6 Bxh4 18. Qf5+ Kg8 19. Bxh6 Qf6 20. Qxf6 Bxf6 21. Be3 Kf7 22. O-O-O a5 23. b3 d5 24. f3 d4 25. Bd2 Bd7 26. f4 Be7 27. Kb2 a4 28. b4 exf4 29. Bxf4 c5 30. bxc5 Bxc5 31. Bd2 Rc8 32. Rh5 Be6 33. Rf1+ Kg8 34. Re5 Rc6 35. Bb4 Bxb4 36. axb4 Bf7 37. Rxb5 Be6 38. Rc5 Rb6 39. Ka3 Ra6 40. b5 Ra8 41. b6 Rb8 42. Rc6 Bg4 43. Rf4 Bh5 44. e5 Be8 45. Rd6 Rc8 46. b7 Rc3+ 47. Kb4 Rxc2 48. Rd8 1-0

[Event "FIDE WYCC Girls U14 2023"]
[Site "Montesilvano"]
[Date "2023.11.13"]
[Round "1.16"]
[White "Ciarletta, Iris"]
[Black "Bajic, Marija"]
[Result "1-0"]
[ECO "D37"]
[WhiteElo "1882"]
[BlackElo "1412"]
[Annotator "NA"]
[PlyCount "51"]
[EventDate "2023.11.13"]
[EventType "swiss"]
[EventCountry "ITA"]
[SourceTitle "playchess.com"]
[Source "ChessBase"]
[SourceQuality "1"]
[TimeControl "40/5400+30:1800+30"]

1. d4 d5 2. c4 e6 3. Nc3 Nf6 4. Nf3 Be7 5. Bf4 Bd7 6. Qb3 Bc6 7. Ne5 O-O 8. Nxc6 Nxc6 9. e3 b6 10. cxd5 Nxd5 11. Nxd5 exd5 12. a3 Na5 13. Qc2 c5 14. dxc5 bxc5 15. Bd3 h6 16. O-O c4 17. Bf5 Nb3 18. Rad1 Qa5 19. e4 dxe4 20. Bxe4 Rac8 21. Bb7 Rc5 22. Rfe1 Re8 23. Bd6 Kf8 24. Qh7 f6 25. Bxc5 Bxc5 26. Qh8+ 1-0

[Event "FIDE WYCC Girls U14 2023"]
[Site "Montesilvano"]
[Date "2023.11.13"]
[Round "1.17"]
[White "Maral Altankhuyag"]
[Black "Sosovickova, Martina"]
[Result "0-1"]
[ECO "A45"]
[WhiteElo "1398"]
[BlackElo "1877"]
[Annotator "NA"]
[PlyCount "102"]
[EventDate "2023.11.13"]
[EventType "swiss"]
[EventCountry "ITA"]
[SourceTitle "playchess.com"]
[Source "ChessBase"]
[SourceQuality "1"]
[TimeControl "40/5400+30:1800+30"]

1. d4 Nf6 2. g3 e6 3. Bg2 d5 4. Nf3 Bd6 5. O-O O-O 6. c4 c6 7. Qc2 Nbd7 8. Nc3 dxc4 9. e4 e5 10. dxe5 Nxe5 11. Nxe5 Bxe5 12. Rd1 Qe7 13. Be3 Bxc3 14. Qxc3 Be6 15. b3 b5 16. b4 Rfd8 17. Bc5 Qc7 18. Bd4 Ne8 19. Qe3 f6 20. a4 Qf7 21. axb5 cxb5 22. e5 Rac8 23. Re1 fxe5 24. Qxe5 Qf5 25. Qe3 Bd5 26. Bxd5+ Qxd5 27. Bxa7 Nf6 28. Bc5 Re8 29. Qf4 Rcd8 30. Be3 Qc6 31. Ra7 Rd7 32. Rea1 Red8 33. Rxd7 Qxd7 34. Ra7 Qd1+ 35. Kg2 Qd5+ 36. f3 Ra8 37. Qc7 Rxa7 38. Qxa7 h6 39. Qb8+ Kh7 40. Qc8 Qe5 41. Qc5 Qxc5 42. bxc5 b4 43. c6 Nd5 44. Kf2 c3 45. Ke2 b3 46. c7 Nxc7 47. Kd3 b2 48. Kc2 Nb5 49. g4 Na3+ 50. Kxc3 b1=Q 51. Kd4 Nc2+ 0-1

[Event "FIDE WYCC Girls U14 2023"]
[Site "Montesilvano"]
[Date "2023.11.13"]
[Round "1.18"]
[White "Maklakova, Naomi"]
[Black "Nguyen, Thuy Linh"]
[Result "1-0"]
[ECO "A61"]
[WhiteElo "1873"]
[BlackElo "1398"]
[Annotator "NA"]
[PlyCount "115"]
[EventDate "2023.11.13"]
[EventType "swiss"]
[EventCountry "ITA"]
[SourceTitle "playchess.com"]
[Source "ChessBase"]
[SourceQuality "1"]
[TimeControl "40/5400+30:1800+30"]

1. d4 Nf6 2. Nf3 c5 3. d5 e6 4. c4 exd5 5. cxd5 d6 6. Nc3 g6 7. e4 Bg7 8. Bd3 O-O 9. Nd2 a6 10. a4 Nbd7 11. f4 Qc7 12. O-O Rb8 13. Kh1 Re8 14. Qf3 b6 15. Nc4 Nh5 16. Bd2 b5 17. axb5 axb5 18. Na5 c4 19. Be2 Nc5 20. Nc6 Rb7 21. e5 Nb3 22. exd6 Qxd6 23. Rad1 Nf6 24. h3 Bf5 25. Be3 Ne4 26. Ne5 Nxc3 27. bxc3 Bxe5 28. fxe5 Qxe5 29. Bf2 Be4 30. Qg4 h5 31. Qh4 Bxd5 32. Rxd5 Qxd5 33. Bf3 Qd7 34. Rd1 Qe7 35. Re1 Qd7 36. Rxe8+ Qxe8 37. Bxb7 Qe2 38. Bf3 Qf1+ 39. Kh2 Qd3 40. Bd4 Nxd4 41. Qxd4 Qb1 42. Qe5 Qb2 43. Bd5 Qf2 44. Bf3 Qb6 45. Qe8+ Kg7 46. Qe4 Qc7+ 47. Kh1 Qb8 48. Qd4+ Kg8 49. Qf6 Qa7 50. Bd5 Kf8 51. Qh8+ Ke7 52. Qg7 Qf2 53. Qe5+ Kf8 54. Bc6 Qf1+ 55. Kh2 Kg8 56. Bxb5 h4 57. Qc7 Qe1 58. Bxc4 1-0

[Event "FIDE WYCC Girls U14 2023"]
[Site "Montesilvano"]
[Date "2023.11.13"]
[Round "1.19"]
[White "Namala, Dhanvi"]
[Black "Negre, Emilie"]
[Result "0-1"]
[ECO "C50"]
[WhiteElo "1388"]
[BlackElo "1871"]
[Annotator "NA"]
[PlyCount "122"]
[EventDate "2023.11.13"]
[EventType "swiss"]
[EventCountry "ITA"]
[SourceTitle "playchess.com"]
[Source "ChessBase"]
[SourceQuality "1"]
[TimeControl "40/5400+30:1800+30"]

1. e4 e5 2. Nf3 Nc6 3. Bc4 Nf6 4. d3 Bc5 5. c3 d6 6. O-O a6 7. Bb3 Ba7 8. Nbd2 O-O 9. Re1 Ne7 10. Nf1 Ng6 11. Be3 Re8 12. Ng3 Bxe3 13. fxe3 d5 14. exd5 Nxd5 15. Ne4 h6 16. h3 b6 17. a4 Be6 18. a5 f5 19. Nf2 Kh8 20. e4 fxe4 21. Rxe4 Bf5 22. Re1 Ndf4 23. Bf7 Re7 24. Bxg6 Nxg6 25. axb6 cxb6 26. Re3 Qc7 27. Qe1 a5 28. b4 Rae8 29. bxa5 bxa5 30. c4 Ra8 31. h4 h5 32. d4 exd4 33. Nxd4 Bg4 34. Nxg4 hxg4 35. Rxe7 Nxe7 36. Qe4 Rd8 37. Ne6 Qa7+ 38. Kh1 Rg8 39. Qxg4 g6 40. Rf1 Nf5 41. c5 Qf7 42. Rxf5 Qxf5 43. Qd4+ Kh7 44. Qd7+ Kh6 45. Qd2+ Kh5 46. Qe2+ Kxh4 47. Kh2 Qg4 48. Qe1+ Kh5 49. Qe5+ Kh6 50. Qe3+ g5 51. Nd4 Qf4+ 52. Qxf4 gxf4 53. c6 Rc8 54. Nf5+ Kg5 55. Ne7 Rc7 56. Nd5 Rxc6 57. Kg1 a4 58. Nb4 Rc1+ 59. Kf2 a3 60. Ke2 a2 61. Nd3 a1=Q 0-1

[Event "FIDE WYCC Girls U14 2023"]
[Site "Montesilvano"]
[Date "2023.11.13"]
[Round "1.20"]
[White "Huseynova, Lala"]
[Black "Mrad, Anahid"]
[Result "1-0"]
[ECO "C63"]
[WhiteElo "1867"]
[BlackElo "1378"]
[Annotator "NA"]
[PlyCount "65"]
[EventDate "2023.11.13"]
[EventType "swiss"]
[EventCountry "ITA"]
[SourceTitle "playchess.com"]
[Source "ChessBase"]
[SourceQuality "1"]
[TimeControl "40/5400+30:1800+30"]

1. e4 e5 2. Nf3 Nc6 3. Bb5 f5 4. d3 fxe4 5. dxe4 d6 6. Nc3 Nf6 7. h3 h6 8. Nh4 Be6 9. Ng6 Rg8 10. O-O Bf7 11. Nxf8 Rxf8 12. f4 Qe7 13. Nd5 Qd7 14. fxe5 Nxe4 15. Re1 Nf2 16. e6 Bxe6 17. Qe2 Rf5 18. Qxe6+ Qxe6 19. Rxe6+ Kf7 20. Re2 Nd1 21. Rd2 a6 22. Ba4 Rc8 23. Rxd1 Ke6 24. Bb3 Kd7 25. Be3 Re8 26. Rf1 Rh5 27. Rf7+ Kc8 28. Rxc7+ Kb8 29. Rxg7 Rh8 30. Rf1 Rh4 31. Rff7 Rc8 32. Rxb7+ Ka8 33. Nb6# 1-0

[Event "FIDE WYCC Girls U14 2023"]
[Site "Montesilvano"]
[Date "2023.11.13"]
[Round "1.21"]
[White "Sivashankar, Samyukta"]
[Black "Zagorac, Lara"]
[Result "0-1"]
[ECO "B27"]
[WhiteElo "1348"]
[BlackElo "1866"]
[Annotator "NA"]
[PlyCount "92"]
[EventDate "2023.11.13"]
[EventType "swiss"]
[EventCountry "ITA"]
[SourceTitle "playchess.com"]
[Source "ChessBase"]
[SourceQuality "1"]
[TimeControl "40/5400+30:1800+30"]

1. e4 c5 2. Nf3 g6 3. c3 Bg7 4. d4 cxd4 5. cxd4 d5 6. e5 Nc6 7. h3 a6 8. Bd3 Nh6 9. Nbd2 Bf5 10. Nb3 Bxd3 11. Qxd3 Rc8 12. Bd2 Qb6 13. Rc1 O-O 14. O-O Nf5 15. Nc5 Rfd8 16. a3 Nxe5 17. Nxe5 Bxe5 18. Nb3 Bc7 19. Ba5 Qd6 20. Rxc7 Rxc7 21. Bxc7 Qxc7 22. Rc1 Qb6 23. Nc5 Rc8 24. Kh2 Qxb2 25. Rb1 Qxd4 26. Qxd4 Nxd4 27. Nd7 Nb5 28. a4 Nd6 29. Nb6 Rc5 30. Kg3 e6 31. Kf4 Kg7 32. Ke5 Nc4+ 33. Kd4 Ra5 34. Nxc4 dxc4 35. Rxb7 Rxa4 36. Rc7 Ra2 37. Ke3 Ra3+ 38. Kd4 Rd3+ 39. Kxc4 Rd2 40. Ra7 Rxf2 41. Rxa6 Rxg2 42. Ra3 Rd2 43. Rd3 Rxd3 44. Kxd3 f5 45. Ke3 Kf6 46. h4 Ke5 0-1